 Dungeon Crawl Stone Soup version 0.18-a0-1805-g8ab820f (webtiles) character file.

1855 ololoev the Geomancer (level 9, -10/45 HPs)
             Began as a Gargoyle Earth Elementalist on Apr 26, 2016.
             Was a Follower of Vehumet.
             Killed from afar by ololoev's ghost (24 damage)
             ... with a stone arrow
             ... on level 7 of the Dungeon.
             The game lasted 00:18:44 (8216 turns).

ololoev the Geomancer (Gargoyle Earth Elementalist) Turns: 8216, Time: 00:18:45

Health: -10/45     AC:  7    Str: 12    XL:     9   Next: 12%
Magic:  14/19      EV: 12    Int: 19    God:    Vehumet [*.....]
Gold:   318        SH:  0    Dex: 10    Spells: 4 memorised, 11 levels left

rFire  . . .     SeeInvis +     b - 20 stones
rCold  . . .     Gourm    .     e - +0 robe
rNeg   + . .     Faith    .     (no shield)
rPois  ∞         Spirit   .     (no helmet)
rElec  +         Dismiss  .     (no cloak)
rCorr  .         Reflect  .     (no gloves)
SustAt .         Harm     .     (no boots)
MR     +....                    (no amulet)
Stlth  ++........               H - ring of see invisible
                                o - ring of protection from magic

@: somewhat resistant to hostile enchantments, unstealthy
A: negative energy resistance 1, electricity resistance, unbreathing,
petrification resistance, rot immunity, AC +5
a: Renounce Religion


Innate Abilities, Weirdness & Mutations

You are resistant to torment.
Your stone body is resilient (AC +5).
You are immune to poison.
You resist negative energy.
You are resistant to electric shocks.
You can survive without breathing.
You are immune to petrification.
You are immune to rotting.

Inventory:

Hand Weapons
 a - a +0 dagger
Missiles
 b - 20 stones (in hand)
 F - a throwing net
Armour
 e - a +0 robe (worn)
 i - a +0 buckler
Jewellery
 o - a ring of protection from magic (left hand)
 H - a ring of see invisible (right hand)
Wands
 y - a wand of slowing (28/48)
 I - a wand of digging (6/24)
Scrolls
 f - a scroll of enchant armour {unknown}
 h - 6 scrolls of magic mapping {unknown}
 m - 6 scrolls of remove curse {unknown}
 q - 4 scrolls of identify {unknown}
 t - 5 scrolls of teleportation {unknown}
 v - 2 scrolls of blinking {unknown}
 w - a scroll of random uselessness {unknown}
 z - 2 scrolls of immolation {unknown}
 B - a scroll of fear {unknown}
 C - a scroll of noise {unknown}
Potions
 g - 8 potions of heal wounds {unknown}
 j - a potion of agility {unknown}
 k - 4 potions of curing {unknown}
 l - 2 potions of lignification {unknown}
 n - 2 potions of haste {unknown}
 p - a potion of ambrosia {unknown}
 s - a potion of degeneration {unknown}
 u - a potion of resistance {unknown}
 x - a potion of might {unknown}
Books
 c - a book of Geomancy

   Spells                             Type                      Level
   a - Sandblast                      Earth                        1
   b - Passwall                       Transmutation/Earth          2
   c - Stone Arrow                    Conjuration/Earth            3
   d - Petrify                        Transmutation/Earth          4
   e - Lee's Rapid Deconstruction     Earth                        5
Comestibles
 d - 3 bread rations
 r - 2 beef jerkies
 A - 5 fruits
 D - a meat ration
 E - 5 chunks of flesh
 G - a slice of pizza


   Skills:
 - Level 1.5 Dodging
 - Level 2.1 Stealth
 * Level 7.2 Spellcasting
 + Level 5.3 Conjurations
 - Level 0.7 Transmutations
 * Level 9.2 Earth Magic


You had 11 spell levels left.
You knew the following spells:

 Your Spells              Type           Power        Failure   Level  Hunger
a - Sandblast             Erth           #####.       1%          1    None
b - Stone Arrow           Conj/Erth      ####..       1%          3    #......
c - Lee's Rapid Deconstr  Erth           #####.....   8%          5    #####..
w - Passwall              Trmt/Erth      ####......   1%          2    None


You were on level 7 of the Dungeon.
You worshipped Vehumet.
Vehumet was aware of your devotion.
You were not hungry.

You visited 2 branches of the dungeon, and saw 8 of its levels.
You also visited: Sewer.

You collected 318 gold pieces.

.W .. ..... # .###.#.
#.##.#.# ...... ...#.#.
#.#..###.....
#.........#.# #.#
#.##..##..#.# ...
#(###.W.....# #.#
#......@..# #.#
#####.....###### #.#
..............# #.# ###
#......#..####.# #.#
... ...........####
#.##.###########......#
#.<........#......###.#
#..#.#####.##.#...# #
...# .. ....#.#..>#

Notes
Turn   | Place    | Note
--------------------------------------------------------------
     0 | D:1      | ololoev the Gargoyle Earth Elementalist began the quest for the Orb.
     0 | D:1      | Reached XP level 1. HP: 10/10 MP: 3/3
   149 | D:1      | Reached XP level 2. HP: 11/15 MP: 5/5
   153 | D:1      | Learned a level 2 spell: Passwall
   408 | D:1      | Reached skill level 4 in Earth Magic
   648 | D:1      | Found a shattered altar of Ashenzari.
   654 | D:1      | Reached XP level 3. HP: 19/19 MP: 7/7
   659 | D:1      | Learned a level 3 spell: Stone Arrow
  1051 | D:2      | Noticed Jessica
  1055 | D:2      | Killed Jessica
  1059 | D:2      | Reached XP level 4. HP: 24/24 MP: 1/8
  1173 | D:2      | Reached skill level 1 in Conjurations
  2210 | D:3      | Reached skill level 5 in Earth Magic
  2210 | D:3      | Reached XP level 5. HP: 24/28 MP: 3/10
  3085 | D:3      | Learned a level 5 spell: Lee's Rapid Deconstruction
  3284 | D:4      | Reached XP level 6. HP: 32/32 MP: 8/12
  3435 | D:4      | Found a glowing drain.
  3523 | Sewer    | Entered a sewer
  4082 | Sewer    | crauler: схватка куста с питоном
  5106 | D:4      | Reached skill level 6 in Earth Magic
  5145 | D:4      | Reached XP level 7. HP: 36/36 MP: 5/14
  5191 | D:4      | Noticed Edmund
  5417 | D:4      | Killed Edmund
  5417 | D:4      | Reached skill level 5 in Spellcasting
  5836 | D:5      | Entered Level 5 of the Dungeon
  5855 | D:5      | Reached skill level 7 in Earth Magic
  6112 | D:5      | Reached XP level 8. HP: 41/41 MP: 10/16
  6335 | D:5      | Found Hucwahot's Elemental Accessories.
  6358 | D:5      | ololoev: норм, шот есть
  6377 | D:5      | Found a shattered altar of Ashenzari.
  7024 | D:6      | Reached skill level 8 in Earth Magic
  7097 | D:6      | Found a staircase to the Ecumenical Temple.
  7103 | Temple   | Entered the Ecumenical Temple
  7129 | Temple   | Became a worshipper of Vehumet
  7581 | D:6      | Reached skill level 5 in Conjurations
  8034 | D:7      | Reached * piety under Vehumet
  8034 | D:7      | Offered knowledge of Shock by Vehumet.
  8084 | D:7      | Reached skill level 9 in Earth Magic
  8084 | D:7      | Reached XP level 9. HP: 39/45 MP: 15/19
  8205 | D:7      | Noticed ololoev's ghost (novice GrEE)
  8216 | D:7      | Killed from afar by ololoev's ghost

Dungeon Overview and Level Annotations

Branches:
Dungeon (7/15)             Temple (1/1) D:6

Altars:
Ashenzari
Cheibriados
Dithmenos
Gozag
Pakellas
Qazlal
Trog
Vehumet
Xom
The Shining One

Shops:
D:5 *

Annotations:
D:7 ololoev's ghost, novice GrEE


Message History

There is an open door here.
Casting: Sandblast
Confirm with . or Enter, or press ? or * to list all spells.
Aiming: Stone Arrow
Press: ? - help, Shift-Dir - straight line, f - hound skeleton
Aim: a hound skeleton The stone arrow misses the hound skeleton.
Casting: Stone Arrow
Confirm with . or Enter, or press ? or * to list all spells.
Aiming: Stone Arrow
Press: ? - help, Shift-Dir - straight line, f/p - hound skeleton
Aim: a hound skeleton The stone arrow hits the hound skeleton.
You destroy the hound skeleton!
Vehumet accepts your kill.
I - a wand of digging You start resting.
Magic restored.
Found a stone staircase leading down.
Found a stone staircase leading up.
Found 5 poisoned needles.
There is a stone staircase leading up here.
You now have 318 gold pieces (gained 9).
Ololoev's ghost (novice Gargoyle Earth Elementalist) comes into view.
You see here 5 poisoned needles.
Press: ? - help, v - describe, . - travel
Here: ololoev's ghost (hasn't noticed you)
The floor.
Press: ? - help, v - describe, . - travel
Here: ololoev's ghost (hasn't noticed you)
The floor.
b - 25 stones (in hand) Ololoev's ghost turns its malevolent gaze towards you.
Ololoev's ghost gestures at you while chanting.
The stone arrow hits you!
There is a stone staircase leading up here.
Casting: Stone Arrow
Confirm with . or Enter, or press ? or * to list all spells.
Aiming: Sandblast
Press: ? - help, Shift-Dir - straight line, f - ololoev's ghost
Aim: ololoev's ghost The rocky blast misses ololoev's ghost.
Ololoev's ghost ripples.
Ololoev's ghost casts a spell at you. The rocky blast hits you!
Casting: Sandblast
Confirm with . or Enter, or press ? or * to list all spells.
Aiming: Sandblast
Press: ? - help, Shift-Dir - straight line, f/p - ololoev's ghost
Aim: ololoev's ghost The rocky blast hits ololoev's ghost.
Ololoev's ghost is moderately damaged.
Casting: Sandblast
Confirm with . or Enter, or press ? or * to list all spells.
Aiming: Sandblast
Press: ? - help, Shift-Dir - straight line, f/p - ololoev's ghost
Aim: ololoev's ghost (lightly damaged)
The rocky blast hits ololoev's ghost.
Ololoev's ghost is heavily damaged.
Ololoev's ghost casts a spell at you. The stone arrow hits you!
Casting: Sandblast
Confirm with . or Enter, or press ? or * to list all spells.
Aiming: Sandblast
Press: ? - help, Shift-Dir - straight line, f/p - ololoev's ghost
Aim: ololoev's ghost (heavily damaged)
The rocky blast hits ololoev's ghost.
Ololoev's ghost is almost destroyed.
Ololoev's ghost points at you and mumbles some strange words.
The rocky blast hits you!
Casting: Sandblast
Confirm with . or Enter, or press ? or * to list all spells.
Aiming: Sandblast
Press: ? - help, Shift-Dir - straight line, f/p - ololoev's ghost
Aim: ololoev's ghost (almost destroyed)
The rocky blast misses ololoev's ghost.
Ololoev's ghost points at you and mumbles some strange words.
The stone arrow hits you!
Ouch! That really hurt!
You die...

You could see ololoev's ghost.

Vanquished Creatures
  A hungry ghost (D:7)
  Edmund (D:4)
  A water moccasin (D:6)
  2 ice beasts
  An orc warrior (D:6)
  A phantom (D:7)
  A sky beast (D:6)
  A crimson imp (D:3)
  2 orc priests (D:4)
  2 hounds
  A gnoll shaman (D:6)
  8 orc wizards
  A giant frog skeleton (D:5)
  2 iguanas
  Jessica (D:2)
  3 centaur skeletons
  2 worker ants
  A hound zombie (D:5)
  2 hound skeletons
  11 gnolls
  6 adders
  2 river rats (D:4)
  An ooze (D:2)
  An adder zombie (D:6)
  2 adder skeletons (D:4)
  4 worms
  A dart slug (D:1)
  6 giant geckos
  24 orcs
  7 giant cockroaches
  7 goblins
  6 hobgoblins
  11 jackals
  4 quokkas
  5 ball pythons (Sewer)
  11 bats
  A giant gecko zombie (D:6)
  8 giant newts
  9 kobolds
  12 rats
  3 plants (Sewer)
176 creatures vanquished.

Vanquished Creatures (others)
  2 plants (Sewer)
2 creatures vanquished.

Grand Total: 178 creatures vanquished

Action                   |  1- 3 |  4- 6 |  7- 9 || total
-------------------------+-------+-------+-------++-------
Melee: Dagger            |    98 |   881 |   109 ||  1088
 Cast: Sandblast         |    14 |    74 |    60 ||   148
       Stone Arrow       |       |    24 |    29 ||    53
       Lee's Rapid Decon |       |       |    14 ||    14
 Stab: Sleeping          |     3 |     1 |     1 ||     5
  Eat: Chunk             |       |    15 |    14 ||    29
       Meat ration       |       |     1 |       ||     1
Armor: Robe              |    36 |    99 |    43 ||   178
Dodge: Dodged            |    78 |   207 |    98 ||   383

Vault maps used:
D:1:      minmay_arrival_floating_metal, ashenzari_altar_1
D:2:      first_bread, uniq_jessica
D:4:      portal_sewer_entry_b, uniq_edmund
D:5:      basic_altar, nicolae_elemental_shop
D:6:      minmay_temple_entry_enclosed_plants
D:7:      lemuel_blue_sif_altar, uniq_menkaure
Temple:   grunt_circular_temple_18
Sewer:    sewer_co_scattered_pipes
